 Dungeon Crawl Stone Soup version 0.24-a0-613-g1ff6aac338 (webtiles) character file.

Game seed: 15955667585034261885, levelgen mode: deterministic

2968 Mame the Cleaver (level 9, -12/79 HPs)
             Began as a Hill Orc Monk on Sept 12, 2019.
             Was a Priest of Beogh.
             Killed from afar by a steam dragon (16 damage)
             ... with a ball of steam
             ... on level 10 of the Dungeon.
             The game lasted 00:52:11 (11546 turns).

Mame the Cleaver (Hill Orc Monk)                   Turns: 11546, Time: 00:52:11

Health: -12/79     AC:  7    Str: 17    XL:     9   Next: 82%
Magic:  12/12      EV: 13    Int: 10    God:    Beogh [***...]
Gold:   591        SH:  5    Dex: 13    Spells: 8/8 levels left

rFire    . . .     SeeInvis .   a - +0 hand axe
rCold    . . .     Gourm    .   k - +0 buckler
rNeg     . . .     Faith    .   l - +1 leather armour {rPois}
rPois    +         Spirit   .   (no helmet)
rElec    .         Reflect  .   (no cloak)
rCorr    .         Harm     .   s - +1 pair of gloves
MR       .....                  (no boots)
Stlth    ++........             G - amulet of rage
HPRegen  0.23/turn              v - ring of poison resistance (curse)
MPRegen  0.13/turn              i - ring of poison resistance

@: no status effects
A: no striking features
a: Smiting, Renounce Religion, Evoke Berserk Rage


You were on level 10 of the Dungeon.
You worshipped Beogh.
Beogh was most pleased with you.
You were not hungry.

You visited 1 branch of the dungeon, and saw 10 of its levels.

You collected 591 gold pieces.

Inventory:

Hand Weapons
 a - a +0 hand axe (weapon)
 I - a +0 war axe
 K - a +0 shortbow
 P - a +6 flail
 S - a +1 dagger of holy wrath
Armour
 k - a +0 buckler (worn)
 l - a +1 leather armour of poison resistance (worn)
 n - a +0 ring mail
 o - a +0 chain mail
 s - a +1 pair of gloves (worn)
 y - a +0 scale mail
Jewellery
 i - a ring of poison resistance (right hand)
 v - a cursed ring of poison resistance (left hand)
 x - an uncursed ring of fire
 B - an uncursed amulet of magic regeneration
 G - an amulet of rage (around neck)
 Q - an uncursed amulet of rage
Wands
 d - a wand of flame (20)
 L - a wand of polymorph (3)
Scrolls
 b - a scroll of torment {unknown}
 e - 6 scrolls of remove curse
 h - a scroll of teleportation
 j - a scroll of enchant armour
 u - a scroll of amnesia
 w - a scroll of magic mapping
 E - 3 scrolls of fear
 F - a scroll of brand weapon {unknown}
 J - a scroll of enchant weapon
Potions
 g - 3 potions of flight
 m - a potion of agility
 p - 2 potions of brilliance
 q - a potion of haste
 t - a potion of curing
 z - a potion of invisibility
 A - 2 potions of magic
 C - a potion of resistance
 D - a potion of cancellation
 M - 2 potions of lignification
Miscellaneous
 N - a crystal ball of energy
Comestibles
 c - 13 rations
 R - a chunk of flesh


   Skills:
 + Level 7.1 Fighting
 + Level 12.2 Axes
 + Level 5.9 Armour
 - Level 3.0 Dodging
 - Level 1.5 Stealth
 - Level 4.1 Shields
 + Level 4.9 Invocations


You had 8 spell levels left.
You didn't know any spells.
Your spell library contained the following spells:

 Spells                   Type           Power        Failure   Level  Hunger
 Magic Dart               Conj           #...         41%         1    ##.....
 Searing Ray              Conj           #.....       56%         2    ###....
 Dazzling Spray           Conj/Hex       #.....       80%         3    ####...
 Force Lance              Conj/Tloc      #.......     99%         4    #####..
 Fulminant Prism          Conj/Hex       #.........   99%         4    #####..
 Iskenderun's Mystic Bla  Conj           #.......     99%         4    #####..


Dungeon Overview and Level Annotations

Branches:
Dungeon (10/15)            Temple (0/1) D:4            Lair (0/6) D:9
    Orc: D:9-12

Altars:
Dithmenos
Elyvilon
Fedhas
Gozag
Makhleb
Nemelex Xobeh
Okawaru
Ru
Wu Jian
Xom

Annotations:
D:5 3 runed translucent doors, PeterQ's ghost, novice HOFi
D:7 1 runed translucent door, Stiffzip's ghost, novice GrVM


Message History

You can't see that place.
Okay, then.
What are your orders? t - Shout!
Orders for allies: a - Attack new target. r - Retreat! s - Stop attacking. g - Guard the area. f - Follow me.
Anything else - Cancel.
Follow me!
You are engulfed in a cloud of scalding steam.
Something closely misses your orc warrior.
The steam dragon closely misses your orc warrior.
The steam dragon claws your orc warrior.
Your orc warrior dies!
You are engulfed in a cloud of scalding steam.
* * * LOW HITPOINT WARNING * * *
The steam dragon breathes steam at you.
The ball of steam hits your orc warrior!
The ball of steam hits you!
You die...

..# ... ... ###
...#.. ..#... #....
....# #......#..#..#.
.#..#
#......#..#....#....#
#......#..#...tD....#
#......#..# ##{#
#.........# ##o.###
#.........###@§##.##
#.........##.§##...#
##........###....#
#....###....##.).##
#...o# #oo#..#....#
+..<.# #).##...##..#
#....# #..###.## .##
###### #..# ### #
#..#


You could see a friendly orc warrior.

Vanquished Creatures
  A two-headed ogre (D:8)
  A hippogriff (D:7)
  2 ice beasts
  A phantom (D:6)
  2 ogres
  2 centaurs
  A big kobold (D:8)
  3 bullfrogs
  3 scorpions
  A crimson imp (D:6)
  A bullfrog zombie (D:8)
  2 hounds
  2 orc priests
  Jessica (D:2)
  An iguana (D:4)
  7 orc wizards
  4 worker ants
  A howler monkey skeleton (D:7)
  14 adders
  A gnoll (D:8)
  A shadow imp (D:7)
  An ooze (D:1)
  An adder skeleton (D:4)
  4 worms
  2 dart slugs
  4 leopard geckos
  4 orcs
  4 giant cockroaches
  11 goblins
  9 hobgoblins
  19 jackals
  2 quokkas
  3 ball pythons
  14 bats
  8 frilled lizards
  10 kobolds
  18 rats
166 creatures vanquished.

Vanquished Creatures (collateral kills)
  An orc warrior (D:9)
  A sky beast (D:8)
  A big kobold (D:8)
  2 bullfrogs
  A crimson imp (D:8)
  A bullfrog zombie (D:9)
  2 jellies (D:8)
  5 orc wizards
  2 iguanas
  4 worker ants
  An adder (D:7)
  3 gnolls (D:8)
  4 shadow imps
  A leopard gecko (D:7)
  5 orcs
  A giant cockroach (D:4)
  A frilled lizard (D:4)
  A quokka skeleton (D:6)
  A plant (D:8)
38 creatures vanquished.

Vanquished Creatures (others)
  2 orc warriors
  2 orc priests
  A crocodile (D:10)
  A hound (D:10)
  2 orc wizards (D:8)
  8 orcs
  A rat (D:3)
17 creatures vanquished.

Grand Total: 221 creatures vanquished

Notes
Turn   | Place    | Note
-------+----------+-------------------------------------------
     0 | D:1      | Mame the Hill Orc Monk began the quest for the Orb.
     0 | D:1      | Reached XP level 1. HP: 19/19 MP: 1/1
    56 | D:1      | Reached XP level 2. HP: 25/26 MP: 2/2
    80 | D:1      | Reached skill level 5 in Axes
   340 | D:1      | Reached XP level 3. HP: 31/31 MP: 3/3
   949 | D:1      | Reached skill level 6 in Axes
  1209 | D:2      | Reached XP level 4. HP: 31/39 MP: 4/4
  1419 | D:2      | Found a sacrificial altar of Ru.
  1436 | D:2      | Reached skill level 7 in Axes
  1663 | D:2      | You fall into a shaft and drop 1 floor!
  1691 | D:3      | Reached XP level 5. HP: 43/45 MP: 5/5
  1746 | D:3      | Became a worshipper of Beogh the Brigand
  1746 | D:3      | Reached * piety under Beogh
  1746 | D:3      | Reached ** piety under Beogh
  2217 | D:2      | Reached skill level 8 in Axes
  2376 | D:2      | Noticed Jessica
  2381 | D:2      | Killed Jessica
  2685 | D:3      | Reached XP level 6. HP: 35/51 MP: 6/6
  2815 | D:3      | Reached skill level 1 in Armour
  3393 | D:3      | Reached *** piety under Beogh
  3752 | D:4      | Reached skill level 9 in Axes
  3989 | D:4      | Reached XP level 7. HP: 52/57 MP: 7/7
  4118 | D:4      | Found a staircase to the Ecumenical Temple.
  4515 | D:5      | Entered Level 5 of the Dungeon
  4699 | D:5      | Found a runed translucent gate.
  4699 | D:5      | Found a runed translucent gate.
  4699 | D:5      | Found a runed translucent gate.
  4699 | D:5      | Noticed PeterQ's ghost (novice HOFi)
  4962 | D:5      | Found a white marble altar of Elyvilon.
  5549 | D:6      | Reached skill level 1 in Shields
  6020 | D:6      | Reached skill level 10 in Axes
  6247 | D:6      | Reached XP level 8. HP: 62/66 MP: 8/8
  6872 | D:7      | Noticed a hippogriff
  7310 | D:7      | Found a runed translucent door.
  7313 | D:7      | Noticed Stiffzip's ghost (novice GrVM)
  7314 | D:7      | Found a shimmering altar of Xom.
  7315 | D:7      | Noticed a +1 trident of chaos
  7627 | D:7      | Killed a hippogriff
  7627 | D:7      | Reached skill level 5 in Fighting
  7627 | D:7      | Reached skill level 11 in Axes
  7733 | D:7      | Found an iron altar of Okawaru.
  7908 | D:7      | Found an ornate altar of the Wu Jian Council.
  7914 | D:7      | Found a sparkling altar of Nemelex Xobeh.
  7917 | D:7      | Found an opulent altar of Gozag.
  7973 | D:8      | Noticed a two-headed ogre
  8468 | D:8      | Reached skill level 1 in Invocations
  8640 | D:8      | Reached XP level 9. HP: 74/74 MP: 10/10
  9344 | D:8      | Found a burning altar of Makhleb.
  9532 | D:8      | Killed a two-headed ogre
  9532 | D:8      | Reached skill level 5 in Armour
  9860 | D:8      | Found an iron altar of Okawaru.
  9860 | D:8      | Found a shadowy altar of Dithmenos.
 10217 | D:8      | Reached skill level 12 in Axes
 10924 | D:9      | Found a staircase to the Lair.
 11083 | D:9      | Found a blossoming altar of Fedhas.
 11504 | D:10     | Entered Level 10 of the Dungeon
 11546 | D:10     | Killed from afar by a steam dragon

Levels and vault maps discovered:
D:1:      dpeg_arrival_rooms_b, layout_loops_ring
D:2:      layout_basic, nicolae_ru_great_annihilating_truth, st_stairs_3,
          minmay_3d_cube, uniq_jessica
D:3:      layout_basic, gup_sewer_entry_spiral
D:4:      layout_loops_cross, minmay_temple_entry_mini_moons, first_ration,
          minmay_fractal_squares_diagonal_5
D:5:      layout_loops_cross, kennysheep_mini, ebering_ghost_rock_garden
D:6:      layout_cave_pools, abandoned_shop
D:7:      layout_basic, minmay_overflow_temple_star_quad, ebering_ghost_xom,
          basic_altar
D:8:      layout_basic, kennysheep_mini_moat,
          gammafunk_temple_overflow_elements, blue_anna_alchemist
          [blue_anna_fruit_fields, blue_anna_fruit_fields], kennysheep_path_1
D:9:      layout_loops_ring, fedhas_altar_3, lair_entry_dummy, billiards_dpeg
D:10:     minmay_the_grid_3x2 [minmay_the_grid_gridbox,
          minmay_the_grid_minigrid_small, minmay_the_grid_zigzags,
          minmay_the_grid_expand, minmay_the_grid_pillar_ring,
          minmay_the_grid_prize_trominoes], layout_basic, orc_0_dummy

Skill      XL: |  1  2  3  4  5  6  7  8  9 |
---------------+----------------------------+-----
Axes           | 5 6 7 8 9 10 11 12 | 12.2
Armour         | 3 4 5 |  5.9
Fighting       | 4 5 7 |  7.1
Shields        | 2 4 |  4.1
Invocations    | 1 4 |  4.9
Dodging        | 3 |  3.0
Stealth        | |  1.5

Action                   |  1- 3 |  4- 6 |  7- 9 || total
-------------------------+-------+-------+-------++-------
Melee: Hand axe          |   118 |   236 |   400 ||   754
Throw: Javelin           |     5 |    74 |    25 ||   104
       Boomerang         |       |    34 |    54 ||    88
Invok: Convert to Beogh  |       |     1 |       ||     1
       Smiting           |       |       |     1 ||     1
  Use: Scroll            |       |     1 |    20 ||    21
       Potion            |       |       |     4 ||     4
 Stab: Sleeping          |     3 |     4 |       ||     7
       Distracted        |       |       |     1 ||     1
  Eat: Chunk             |     1 |     9 |     8 ||    18
       Ration            |       |       |     5 ||     5
Armor: Robe              |    35 |    29 |       ||    64
       Leather armour    |       |    39 |    88 ||   127
Dodge: Dodged            |   102 |   160 |   211 ||   473
Block: Buckler           |       |       |    36 ||    36

Table legend:
 A = Non-vault XP
 B = Vault XP
 C = Vault XP percentage of total XP
 D = Non-vault monster count
 E = Vault monster count
 F = Vault count percentage of total count
                 A         B        C        D         E       F
            +---------+---------+-------+---------+---------+-------
      Total |    3767 |     474 |  11.2 |     173 |      32 |  15.6
            +---------+---------+-------+---------+---------+-------
        D:1 |      52 |      16 |  23.5 |      31 |       2 |   6.1
        D:2 |      65 |      90 |  58.1 |      26 |      10 |  27.8
        D:3 |     134 |      35 |  20.7 |      33 |       8 |  19.5
        D:4 |     285 |      50 |  14.9 |       8 |       5 |  38.5
        D:5 |      56 |       0 |   0.0 |       7 |       0 |   0.0
        D:6 |     644 |       0 |   0.0 |      14 |       0 |   0.0
        D:7 |     644 |       0 |   0.0 |      17 |       0 |   0.0
        D:8 |    1574 |      80 |   4.8 |      27 |       1 |   3.6
        D:9 |     275 |      86 |  23.8 |       8 |       3 |  27.3
       D:10 |      38 |     117 |  75.5 |       2 |       3 |  60.0
            +---------+---------+-------+---------+---------+-------
